 Dungeon Crawl Stone Soup version 0.29.1-4-g47bece8355 (webtiles) character file.

Game seed: 3411543543562602039

7 hawla the Firebug (level 2, -1/20 HPs)
             Began as a Meteoran Fire Elementalist on Dec 6, 2022.
             Succumbed to an adder's poison
             ... on level 2 of the Dungeon.
             The game lasted 00:01:12 (235 turns).

hawla the Firebug (Meteoran Fire Elementalist)       Turns: 235, Time: 00:01:12

Health: -1/20      AC:  2    Str:  9    XL:     2   Next: 23%
Magic:  1/6        EV: 12    Int: 16    God:
Gold:   27         SH:  0    Dex: 14    Spells: 5/6 levels left

rFire   . . .      SeeInvis .   (no weapon)
rCold   . . .      Faith    .   (no shield)
rNeg    . . .      Spirit   .   a - +0 robe
rPois   .          Reflect  .   (no helmet)
rElec   .          Harm     .   (no cloak)
rCorr   .          Rampage  .   (no gloves)
Will    .....                   (no boots)
Stlth   +.........              (no amulet)
HPRegen 0.06/turn               (no ring)
MPRegen 0.10/turn               (no ring)

@: lethally poisoned (-1 -> -12), glowing
A: sense surroundings 1, otherworldly, glowing, explore regen
a: no special abilities


You were on level 2 of the Dungeon.
You visited 1 branch of the dungeon, and saw 2 of its levels.

You collected 27 gold pieces.

Inventory:

Armour
 a - a +0 robe (worn)
Potions
 b - a potion of magic


   Skills:
 + Level 2.6 Dodging
 - Level 1.4 Stealth
 + Level 2.9 Spellcasting
 + Level 1.2 Conjurations
 + Level 4.0 Fire Magic


You had 5 spell levels left.
You knew the following spells:

 Your Spells              Type           Power      Damage    Failure   Level
a - Foxfire               Conj/Fire      40%        2x1d6     6%          1

Your spell library contained the following spells:

 Spells                   Type           Power      Damage    Failure   Level
 Scorch                   Fire           30%        2d7       5%          2
 Conjure Flame            Conj/Fire      10%        6-21      19%         3
 Inner Flame              Hex/Fire       8%         N/A       24%         3
 Flame Wave               Conj/Fire      10%        2d6       54%         4


Dungeon Overview and Level Annotations

Branches:
Dungeon (2/15) Zot: 965

Altars:


Innate Abilities, Weirdness & Mutations

You passively map a small area around you.
You are easily found by Zot.
You glow in the dark.
You regain HP and MP as you explore.


Message History

You are frozen.
Casting: Foxfire (safe; 6% risk of failure)
Confirm with . or Enter, or press ? or * to list all spells.
You conjure some foxfire!
The adder barely misses you. The adder bites you.
Your foxfire dissipates!
You see here 2 sedimented yellow potions.
The adder bites you but does no damage. The adder barely misses you.
The adder bites you. The adder bites you but does no damage.
The adder attacks as you move away! The adder closely misses you.
The adder closely misses you. The adder attacks as you move away!
The adder bites you. The adder attacks as you move away!
The adder bites you but does no damage. The adder bites you.
You are poisoned.
The adder poisons you!
Casting: Foxfire (safe; 6% risk of failure)
Confirm with . or Enter, or press ? or * to list all spells.
You conjure some foxfire!
You feel sick. The adder bites you.
* * * LOW HITPOINT WARNING * * *
You are more poisoned.
The adder poisons you!
You hit the adder but do no damage.
The adder is severely wounded.
* * * LOW HITPOINT WARNING * * *
You feel sick.
The foxfire hits the adder.
The adder is severely wounded.
The foxfire hits the adder.
The adder is almost dead.
The adder bites you.
* * * LOW HITPOINT WARNING * * *
You are more poisoned.
The adder poisons you! The endoplasm barely misses you.
You are too injured to fight recklessly!
Okay, then.
You aren't carrying any scrolls.
Unknown command.
You closely miss the adder.
The adder is almost dead.
You die...

#####..#.#........########
#!........................
#.###..#.##...$...####.###
#.# #..#.##.......# #..# #
#.# #..#.##...††..# #..###
#.# #..#.##..#.)#####.....
#.# #..#.##..#............
#.###...J........#....##..
#.......S@...##......#....
######.#............###.##
#...............#.##
################.## ###


You could see an adder and an endoplasm.

Vanquished Creatures
  A ball python (D:2)
  2 quokkas (D:2)
  2 frilled lizards (D:2)
  A goblin (D:2)
  A kobold (D:2)
  A rat (D:1)
8 creatures vanquished.

Vanquished Creatures (others)
  19 foxfires
19 creatures vanquished.

Grand Total: 27 creatures vanquished

Notes
Turn   | Place    | Note
-------+----------+-------------------------------------------
     0 | D:1      | hawla the Meteoran Fire Elementalist began the quest for
                  | the Orb.
     0 | D:1      | Reached XP level 1. HP: 14/14 MP: 5/5
   190 | D:2      | Reached XP level 2. HP: 20/20 MP: 2/6
   191 | D:2      | Reached skill level 4 in Fire Magic
   234 | D:2      | HP: 1/20 [adder (2)]
   235 | D:2      | Succumbed to an adder's poison

Illustrated notes

Levels and vault maps discovered:
D:1:      lightli_arrival_flooded_house, layout_basic, roderic_lattice_a
D:2:      layout_loops_ring

Skill      XL: |  1  2 |
---------------+-------+-----
Fire Magic     | 4 |  4.0
Dodging        | |  2.6
Stealth        | |  1.4
Spellcasting   | |  2.9
Conjurations   | |  1.2

Action                   || total
-------------------------++-------
Melee: Unarmed           ||     9
 Cast: Foxfire           ||    13
Armor: Robe              ||     5
Dodge: Dodged            ||    18
